 Dungeon Crawl Stone Soup version 0.26.0-10-g1f06aea511 (webtiles) character file.

Game seed: 15088188117950845252

213 Borgoz the Ducker (level 5, -18/45 HPs)
             Began as a Ghoul Gladiator on Jan 18, 2021.
             Blown up by Ijyb (30 damage)
             ... with a disintegration bolt
             ... on level 3 of the Dungeon.
             The game lasted 00:02:48 (2894 turns).

Borgoz the Ducker (Ghoul Gladiator)                 Turns: 2894, Time: 00:02:49

Health: -18/45     AC:  9    Str: 18    XL:     5   Next: 90%
Magic:  4/4        EV: 11    Int:  3    God:
Gold:   81         SH:  0    Dex: 11    Spells: 4/4 levels left

rFire    . . .     SeeInvis .   a - +1 long sword
rCold    + . .     Faith    .   (no shield)
rNeg     + + +     Spirit   .   k - +0 scale mail
rPois    ∞         Reflect  .   m - +1 hat
rElec    .         Harm     .   f - +1 cloak
rCorr    .         Rampage  .   (no gloves)
Will     .....                  (no boots)
Stlth    ..........             (no amulet)
HPRegen  0.00/turn              (no ring)
MPRegen  0.09/turn              (no ring)

@: mighty, brilliant, flying
A: claws 1, cold resistance 1, negative energy resistance 3, inhibited
regeneration, torment resistance, unbreathing
a: no special abilities


You were on level 3 of the Dungeon.
You visited 1 branch of the dungeon, and saw 3 of its levels.

You collected 81 gold pieces.

Inventory:

Hand Weapons
 a - a +1 long sword (weapon)
Missiles
 d - 3 throwing nets (quivered)
Armour
 f - a +1 cloak (worn)
 k - a +0 scale mail (worn)
 m - a +1 hat (worn)
Scrolls
 e - a scroll of teleportation


   Skills:
 + Level 3.1 Fighting
 * Level 3.8 Long Blades
 - Level 1.7 Throwing
 * Level 2.4 Armour
 * Level 3.8 Dodging


You had 4 spell levels left.
You didn't know any spells.
Your spell library was empty.

Dungeon Overview and Level Annotations

Branches:
Dungeon (3/15)

Altars:
Trog

Annotations:
D:3 Ijyb


Innate Abilities, Weirdness & Mutations

You thrive by killing the living.
You are immune to poison.
You have sharp fingernails.
Your flesh is cold resistant. (rC+)
You are immune to negative energy. (rN+++)
You do not regenerate when monsters are visible.
You are immune to unholy pain and torment.
You can survive without breathing.


Message History

You are too injured to fight recklessly!
You are too injured to fight recklessly!
You are too injured to fight recklessly!
You are too injured to fight recklessly!
It was a potion of flight.
You feel very buoyant.
You fly up into the air.
The ooze hits you but does no damage.
It was a potion of might.
You feel very mighty all of a sudden.
Ijyb zaps a wand.
You barely resist. The ooze hits you but does no damage.
It was a potion of brilliance.
You feel clever all of a sudden.
Ijyb zaps a wand.
You are blasted!
* * * LOW HITPOINT WARNING * * *
The ooze misses you.
You hit Ijyb.
Ijyb is heavily wounded.
Ijyb zaps a wand.
You are blasted!
Ouch! That really hurt!
You die...

###### #....# #....#
..#########....##
.........#......#
......J@.'......+
......g..#......#
..#########....## #....# #))(.#
#####################')##########
≈≈≈≈≈≈≈≈≈≈≈≈≈≈≈≈≈≈≈≈.....≈≈≈≈≈≈≈≈
≈≈≈≈≈≈≈≈≈≈≈≈≈≈≈≈≈≈≈......≈≈≈≈≈≈≈≈
≈≈≈≈≈≈≈≈≈≈≈≈≈≈≈≈≈≈≈.....≈≈≈≈≈≈≈≈≈


You could see Ijyb and an ooze.

Vanquished Creatures
  A big kobold (D:3)
  An orc priest (D:3)
  2 adders (D:3)
  An adder zombie (D:3)
  A worm (D:2)
  3 dart slugs (D:1)
  2 leopard geckos (D:2)
  4 orcs
  2 ball pythons
  6 bats
  2 giant cockroaches
  14 goblins
  7 hobgoblins
  4 jackals (D:2)
  12 kobolds
  3 quokkas
  2 frilled lizards
  4 rats
  A bush (D:1)
72 creatures vanquished.

Notes
Turn   | Place    | Note
-------+----------+-------------------------------------------
     0 | D:1      | Borgoz the Ghoul Gladiator began the quest for the Orb.
     0 | D:1      | Reached XP level 1. HP: 17/17 MP: 0/0
   255 | D:1      | Reached XP level 2. HP: 24/24 MP: 1/1
   758 | D:1      | Reached skill level 1 in Armour
   847 | D:1      | Reached XP level 3. HP: 21/30 MP: 2/2
  1200 | D:2      | Found a bloodstained altar of Trog.
  1756 | D:2      | Reached XP level 4. HP: 37/37 MP: 3/3
  2219 | D:3      | Noticed a big kobold
  2238 | D:3      | Killed a big kobold
  2239 | D:3      | Reached XP level 5. HP: 30/44 MP: 4/4
  2876 | D:3      | Noticed Ijyb
  2894 | D:3      | Blown up by Ijyb

Illustrated notes

Levels and vault maps discovered:
D:1:      roderic_dead_forest, layout_loops_cross,
          chequers_serial_rivers_large_a, minmay_hedge_maze, minivault_19,
          hangedman_decor_peaks_small, serial_park_tiny_1, minivault_5
D:2:      layout_basic, trog_butcher_becter
D:3:      minmay_goblin_kobold_castle, layout_loops_ring, uniq_ijyb

Skill      XL: |  1  2  3  4  5 |
---------------+----------------+-----
Long Blades    | 3 |  3.8
Armour         | 1 2 |  2.4
Dodging        | 3 |  3.8
Fighting       | 3 |  3.1
Throwing       | |  1.7

Action                   |  1- 3 |  4- 6 || total
-------------------------+-------+-------++-------
Melee: Long sword        |   178 |   117 ||   295
  Use: Scroll            |       |     9 ||     9
       Potion            |       |     3 ||     3
Armor: Ring mail         |    15 |       ||    15
       Leather armour    |     1 |       ||     1
       Scale mail        |    30 |    96 ||   126
Dodge: Dodged            |    62 |   142 ||   204
       Rpst.: Long sword |    20 |    43 ||    63
